 Dungeon Crawl Stone Soup version 0.22-a0-93-g6b88ebb (webtiles) character file.

86 KristoblXynda the Shield-Bearer (level 4, 0/38 HPs)
             Began as a Draconian Fighter on Jan 24, 2018.
             Slain by an adder (4 damage)
             ... on level 2 of the Dungeon.
             The game lasted 00:02:25 (1077 turns).

KristoblXynda the Shield-Bearer (Draconian Fighter) Turns: 1077, Time: 00:02:25

Health: 0/38       AC:  6    Str: 18    XL:     4   Next: 26%
Magic:  4/4        EV: 13    Int:  9    God:
Gold:   57         SH:  4    Dex: 11    Spells: 3/3 levels left

rFire    . . .     SeeInvis .     - Unarmed
rCold    . . .     Gourm    .   f - +0 buckler
rNeg     . . .     Faith    .   (armour unavailable)
rPois    .         Spirit   .   (helmet restricted)
rElec    .         Reflect  .   (no cloak)
rCorr    .         Harm     .   e - +0 pair of gloves
MR       .....                  (no boots)
Stlth    +.........             (no amulet)
HPRegen  0.12/turn              (no ring)
MPRegen  0.09/turn              (no ring)

@: no status effects
A: unfitting armour, cold-blooded, AC +5
a: no special abilities


You were on level 2 of the Dungeon.
You were not hungry.

You visited 1 branch of the dungeon, and saw 2 of its levels.

You collected 57 gold pieces.

Inventory:

Armour
 a - a +0 shield
 e - a +0 pair of gloves (worn)
 f - a +0 buckler (worn)
Wands
 i - a wand of digging (12)
Scrolls
 d - 2 scrolls of remove curse {unknown}
 h - a scroll of fear {unknown}
Potions
 b - a potion of might
 j - a potion of curing {unknown}
Comestibles
 c - 4 rations


   Skills:
 - Level 3.2 Fighting
 + Level 3.2 Dodging
 + Level 3.6 Shields
 * Level 3.5 Unarmed Combat


You had 3 spell levels left.
You didn't know any spells.

Dungeon Overview and Level Annotations

Branches:
Dungeon (2/15)

Altars:


Innate Abilities, Weirdness & Mutations

Your plain brown scales are hard. (AC +5)
You cannot fit into any form of body armour.
You are cold-blooded and may be slowed by cold attacks.


Message History

The worm bites you but does no damage.
You feel sick.
You see here a giant cockroach corpse.
Unknown command.
There is a stone staircase leading down here.
An adder comes into view.
Found a spear.
Okay, then.
Unknown command.
You feel sick.
You are no longer poisoned.
Found a hand axe.
You see here 13 poisoned needles.
Found an escape hatch in the floor.
It was a potion of magic.
Magic courses through your body. The adder barely misses you.
You closely miss the adder. You tail-slap the adder.
The adder is lightly wounded.
The adder bites you.
You die...

######## #...# #...# ..#....#
#...###### #...# #.#....#
#........# #...#
#.#....###........ #...######
..#....#......... ######...##....
..#....#......# #........##....
..............#####........##....
##...............................
†.>.....(w.....S@................
###'###.###.....###........##....
....##...#......................
#)....S#........###........##....
#....#.#........# ###########....
.....#............ #....
.S...#............. ###....
.......#..)...>.... #...)..
#...)##


You could see a worm and an adder.

Vanquished Creatures
  2 adders (D:2)
  An ooze (D:2)
  4 dart slugs (D:1)
  5 leopard geckos
  An orc (D:2)
  2 ball pythons
  2 giant cockroaches
  3 hobgoblins
  3 jackals
  5 kobolds
  A quokka (D:2)
  6 bats
  5 frilled lizards
  6 goblins
  4 rats
50 creatures vanquished.

Notes
Turn   | Place    | Note
-------+----------+-------------------------------------------
     0 | D:1      | KristoblXynda the Draconian Fighter began the quest for the Orb.
     0 | D:1      | Reached XP level 1. HP: 19/19 MP: 1/1
   138 | D:1      | Reached XP level 2. HP: 19/26 MP: 2/2
   397 | D:1      | Reached XP level 3. HP: 31/31 MP: 3/3
   887 | D:2      | Reached XP level 4. HP: 28/38 MP: 4/4
  1077 | D:2      | Slain by an adder

Vault maps used:
D:1:      dpeg_arrival_shelter, st_stairs_13, minmay_strange_pillars
D:2:      cheibrodos_helix_gallery, first_ration

Skill      XL: |  1  2  3 |
---------------+----------+-----
Dodging        | 3 |  3.2
Unarmed Combat | 3 |  3.5
Fighting       | |  3.2
Shields        | |  3.6

Action                   |  1- 3 |  4- 6 || total
-------------------------+-------+-------++-------
Melee: Unarmed           |   189 |    48 ||   237
       Tailslap          |    12 |     4 ||    16
  Use: Potion            |       |     1 ||     1
 Stab: Sleeping          |     2 |       ||     2
  Eat: Chunk             |       |     1 ||     1
Armor: Skin              |    73 |    20 ||    93
Dodge: Dodged            |    92 |    33 ||   125
Block: Shield            |    58 |       ||    58
       Buckler           |    10 |    13 ||    23

Table legend:
 A = Spawn XP
 B = Non-spawn XP
 C = Spawn XP percentage of total XP
 D = Spawn monster count
 E = Non-spawn monster count
 F = Spawn count percentage of total count
 G = Total turns spent on level
                    A         B        C        D         E        F      G
               +---------+---------+-------+---------+---------+-------+---------
         Total |       0 |     123 |   0.0 |       0 |      50 |   0.0 |  1077
               +---------+---------+-------+---------+---------+-------+---------
           D:1 |       0 |      60 |   0.0 |       0 |      31 |   0.0 |   746
           D:2 |       0 |      63 |   0.0 |       0 |      19 |   0.0 |   331
               +---------+---------+-------+---------+---------+-------+---------
